 Dungeon Crawl Stone Soup version 0.28.0-53-g5a82cb258f (webtiles) character file.

Game seed: 2645290328119542934

1867 Doot the Conjurer (level 9, 0/55 HPs)
             Began as an Octopode Hedge Wizard on June 18, 2022.
             Was a Follower of Sif Muna.
             Slain by an unseen horror (4 damage)
             ... on level 6 of the Dungeon.
             The game lasted 00:15:39 (9069 turns).

Doot the Conjurer (Octopode Hedge Wizard)           Turns: 9069, Time: 00:15:40

Health: 0/55       AC:  1    Str: 10    XL:     9   Next: 13%
Magic:  17/17      EV: 12    Int: 20    God:    Sif Muna [*.....]
Gold:   276        SH: 12    Dex: 16    Spells: 5/19 levels left

rFire   + . .      SeeInvis .   C - +8 whip of the Genius {speed, rElec}
rCold   . . .      Faith    .   g - +3 kite shield of the Barracuda {rPois Dex+5}
rNeg    . . .      Spirit   .   b - +0 hat
rPois   +          Reflect  .   x - amulet of magic regeneration
rElec   +          Harm     .   A - ring of protection from fire
rCorr   .          Rampage  .   (no ring)
Will    .....                   (no ring)
Stlth   ++++......              (no ring)
HPRegen 0.18/turn               (no ring)
MPRegen 0.55/turn               (no ring)
                                (no ring)
                                (no ring)

@: no status effects
A: almost no armour, amphibious, 8 rings, camouflage 1, gelatinous body 1,
(nimble swimmer 1), tentacles
a: Renounce Religion, Channel Magic


You were on level 6 of the Dungeon.
You worshipped Sif Muna.
Sif Muna was aware of your devotion.
You visited 2 branches of the dungeon, and saw 7 of its levels.

You collected 276 gold pieces.

Inventory:

Hand Weapons
 a - a +0 dagger
 n - the +4 whip of Toasor {vorpal, rN+ Dex+4}
   (You took it off a goblin on level 4 of the Dungeon)

   It inflicts extra damage upon your enemies.
   Dex:       It affects your dexterity (+4).
   rN:        It protects you from negative energy.
 y - a +0 short sword of protection
 C - the +8 whip of the Genius (weapon) {speed, rElec}
   (You found it on level 6 of the Dungeon)

   Attacks with this weapon are significantly faster.
   rElec:     It insulates you from electricity.
Armour
 b - a +0 hat (worn)
 g - the +3 kite shield of the Barracuda (worn) {rPois Dex+5}
   (You found it on level 3 of the Dungeon)

   Dex:       It affects your dexterity (+5).
   rPois:     It protects you from poison.
Jewellery
 x - an amulet of magic regeneration (around mantle)
 A - a ring of protection from fire (left tentacle)
Scrolls
 c - a scroll of blinking {unknown}
 i - a scroll of noise {unknown}
 k - 4 scrolls of enchant armour {unknown}
 m - 5 scrolls of teleportation {unknown}
 o - a scroll of vulnerability {unknown}
 q - a scroll of torment {unknown}
 s - 5 scrolls of identify {unknown}
 u - a scroll of enchant weapon {unknown}
 v - a scroll of holy word {unknown}
 w - 2 scrolls of amnesia {unknown}
Potions
 d - a potion of lignification {unknown}
 e - 3 potions of flight {unknown}
 f - 3 potions of curing {unknown}
 h - 3 potions of haste {unknown}
 j - 2 potions of degeneration {unknown}
 l - 2 potions of heal wounds {unknown}
 p - 2 potions of might {unknown}
 r - 2 potions of invisibility {unknown}
 t - a potion of cancellation {unknown}
 z - 2 potions of attraction {unknown}
 B - 2 potions of brilliance {unknown}


   Skills:
 + Level 2.5 Fighting
 + Level 1.0 Short Blades
 + Level 3.3 Maces & Flails
 + Level 3.2 Dodging
 + Level 5.2 Stealth
 * Level 3.5 Shields
 + Level 5.5 Spellcasting
 * Level 5.7 Conjurations
 + Level 1.6 Summonings
 + Level 2.3 Translocations
 + Level 0.6 Fire Magic
 * Level 2.0 Ice Magic
 + Level 1.2 Air Magic
 + Level 1.2 Poison Magic


You had 5 spell levels left.
You knew the following spells:

 Your Spells              Type           Power      Damage    Failure   Level
a - Magic Dart            Conj           100%       1d8       3%          1
b - Blink                 Tloc           28%        N/A       21%         2
c - Call Imp              Summ           12%        N/A       26%         2
d - Conjure Flame         Conj/Fire      18%        6-21      28%         3
e - Mephitic Cloud        Conj/Pois/Air  16%        N/A       32%         3
f - Ozocubu's Armour      Ice            13%        N/A       41%         3

Your spell library contained the following spells:

 Spells                   Type           Power      Damage    Failure   Level
 Slow                     Hex            20%        N/A       34%         1
 Lesser Beckoning         Tloc           14%        N/A       36%         3
 Ignite Poison            Fire/Tmut/Pois 8%         N/A       61%         3
 Freezing Cloud           Conj/Ice/Air   8%         6-21      95%         5
 Manifold Assault         Tloc           14%        N/A       98%         5
 Ozocubu's Refrigeration  Ice            6%         4d6       100%        7


Dungeon Overview and Level Annotations

Branches:
Dungeon (6/15)             Temple (1/1) D:5

Altars:
Ashenzari
Cheibriados
Dithmenos
Elyvilon
Gozag
Hepliaklqana
Kikubaaqudgha
Makhleb
Nemelex Xobeh
Okawaru
Qazlal
Ru
Sif Muna
Trog
Uskayaw
Vehumet
Wu Jian
Xom
Yredelemnul
Zin

Annotations:
D:4 1 runed translucent door, notso's ghost, novice KoDe


Innate Abilities, Weirdness & Mutations

You cannot wear most types of armour.
You are amphibious.
You can wear up to eight rings at the same time.
Your skin changes colour to match your surroundings (Stealth+).
Your rubbery body absorbs attacks. (AC +1, EV +1)
((You are camouflaged when in or above water. (Stealth+)))
You have tentacles for arms and can constrict up to eight enemies at once.


Message History

You grab the orc.
You constrict the orc, but do no damage.
You hear a shout!
You block the orc's attack.
You hit the orc.
The orc is moderately wounded.
You constrict the orc.
The orc struggles to escape constriction.
The orc hits you with a +0 rapier. The orc closely misses you.
Unknown command.
You hit the orc but do no damage. You grab the orc. You constrict the orc.
You constrict the orc, but do no damage.
The orc throws a stone.
The stone barely misses you.
The orc escapes!
The orc barely misses you.
You hit the orc.
The orc is moderately wounded.
You constrict the orc. Something hits you.
Deactivating autopickup; reactivate with Ctrl-A.
The orc hits you from afar with a +0 trident.
The orc barely misses you. Something hits you!
You hit the orc. You grab the orc. You squeeze the orc.
You kill the orc!
Sif Muna accepts your kill.
You constrict the orc, but do no damage.
You block the orc's attack. x2; Something hits you.
Unknown command.
You release your grip on the orc.
You block something's attack. Something hits you. The orc closely misses you.
The orc throws a stone.
You block the stone. Something hits you but does no damage.
You block something's attack. Something hits you! Something hits you!
* * * LOW HITPOINT WARNING * * *
Something hits you.
* * * LOW HITPOINT WARNING * * *
Something hits you.
* * * LOW HITPOINT WARNING * * *
Something hits you.
You die...

... #<.).# ####.##.
#...o###....##.
##..o..).##....
#####o###....##.
#...o.....#####. #..
##.##o..#### #. #..
###..>..#.# ## #..
#.....###.# # #.. ##.@####
#.# ###..#####...# #.#
#......>....## #.## ######
#...........#######..###.....
#...............<.....##.....
#........###########...#.....
#........# ####..........
#........# #####....#.##.....
#...########.....####..#.....


You could see an orc.

Vanquished Creatures
  Grinder (D:5)
  Eustachio (D:6)
  A water moccasin (D:5)
  An ice beast (D:3)
  2 ogres (D:5)
  A necrophage (D:6)
  2 centaurs (D:5)
  A kobold brigand (D:4)
  A phantom (D:5)
  2 scorpions
  A bullfrog zombie (D:5)
  A centaur zombie (D:6)
  4 jellies
  2 hounds
  A bullfrog skeleton (D:4)
  6 iguanas
  A hound skeleton (D:4)
  A gnoll (D:2)
  9 adders
  A white imp (D:5)
  An adder skeleton (D:4)
  2 worms
  12 orcs
  7 bats
  8 endoplasms
  4 giant cockroaches
  8 goblins
  6 hobgoblins
  12 jackals
  2 quokkas
  6 ball pythons
  5 frilled lizards
  5 kobolds
  4 rats
122 creatures vanquished.

Notes
Turn   | Place    | Note
-------+----------+-------------------------------------------
     0 | D:1      | Doot the Octopode Hedge Wizard began the quest for the Orb.
     0 | D:1      | Reached XP level 1. HP: 11/11 MP: 4/4
   146 | D:2      | Reached XP level 2. HP: 17/17 MP: 0/6
   203 | D:2      | Learned a level 2 spell: Blink
   206 | D:2      | Learned a level 2 spell: Call Imp
   217 | D:2      | Found a hazy altar of Hepliaklqana.
   391 | D:3      | Reached skill level 1 in Fighting
   391 | D:3      | Reached XP level 3. HP: 18/23 MP: 2/8
   494 | D:3      | Identified the +3 kite shield of the Barracuda {rPois
                  | Dex+5}
   695 | D:3      | Found a faded altar of an unknown god.
   711 | D:3      | Learned a level 3 spell: Conjure Flame
  1453 | D:5      | Entered Level 5 of the Dungeon
  1487 | D:4      | Reached XP level 4. HP: 20/28 MP: 5/9
  1789 | D:4      | Identified the +4 whip of Toasor {vorpal, rN+ Dex+4}
  1795 | D:4      | Found a runed translucent door.
  1795 | D:4      | Noticed notso's ghost (novice KoDe)
  2022 | D:4      | Reached XP level 5. HP: 17/33 MP: 8/11
  2265 | D:4      | Learned a level 3 spell: Mephitic Cloud
  2591 | D:4      | Noticed a wyvern
  2591 | D:4      | Noticed a kobold brigand
  3154 | D:5      | Noticed a phantom
  3257 | D:4      | Reached XP level 6. HP: 30/38 MP: 5/12
  3268 | D:4      | Reached skill level 1 in Short Blades
  3268 | D:4      | Reached skill level 1 in Shields
  3675 | D:5      | Reached XP level 7. HP: 30/44 MP: 13/13
  3799 | D:5      | Reached skill level 1 in Maces & Flails
  4496 | D:5      | Reached XP level 8. HP: 32/51 MP: 9/14
  4836 | D:5      | Found a staircase to the Ecumenical Temple.
  4845 | Temple   | Entered the Ecumenical Temple
  5213 | Temple   | Became a worshipper of Sif Muna the Loreminder
  5553 | D:1      | Reached skill level 1 in Poison Magic
  6198 | D:1      | Learned a level 3 spell: Ozocubu's Armour
  6336 | D:2      | Reached skill level 1 in Air Magic
  6610 | D:2      | Reached * piety under Sif Muna
  6625 | D:2      | Reached skill level 5 in Stealth
  7708 | D:5      | Noticed Grinder
  7819 | D:5      | Reached skill level 1 in Ice Magic
  8296 | D:5      | Paralysed by Grinder for 2 turns
  8318 | D:5      | Killed Grinder
  8319 | D:5      | Reached skill level 5 in Spellcasting
  8319 | D:5      | Reached skill level 5 in Conjurations
  8595 | D:6      | Reached XP level 9. HP: 43/55 MP: 15/17
  8683 | D:6      | Noticed Eustachio
  8698 | D:6      | Killed Eustachio
  8935 | D:6      | Identified the +8 whip of the Genius {speed, rElec}
  9069 | D:6      | Slain by an unseen horror

Illustrated notes

Levels and vault maps discovered:
D:1:      wheals_arrival_linesprint, layout_loops_ring, columned_hall_lemuel
D:2:      minmay_thinvault, layout_loops_ring, basic_altar
D:3:      layout_loops_ring, chequers_ecumenical_altar_island
D:4:      minmay_opposing_rooms, layout_basic, ebering_ghost_sewer_d
D:5:      layout_basic, minmay_temple_entry_sparse_star,
          kennysheep_generic_room_9, uniq_grinder
D:6:      layout_rooms, uniq_eustachio
Temple:   mainiacjoe_temple_cubbyholes

Skill      XL: |  1  2  3  4  5  6  7  8  9 |
---------------+----------------------------+-----
Fighting       | 1 2 |  2.5
Stealth        | 3 4 5 |  5.2
Spellcasting   | 4 5 |  5.5
Conjurations   | 2 3 4 5 |  5.7
Short Blades   | 1 |  1.0
Shields        | 1 2 3 |  3.5
Translocations | 2 |  2.3
Maces & Flails | 1 3 |  3.3
Dodging        | 3 |  3.2
Poison Magic   | 1 |  1.2
Air Magic      | 1 |  1.2
Ice Magic      | 1 2 |  2.0
Summonings     | |  1.6
Fire Magic     | |  0.6

Action                   |  1- 3 |  4- 6 |  7- 9 || total
-------------------------+-------+-------+-------++-------
Melee: Dagger            |    50 |     3 |       ||    53
       Constrict         |    11 |     7 |    24 ||    42
       Tentacles         |     8 |     7 |    29 ||    44
       Punch             |     1 |     1 |     1 ||     3
       Whip              |       |    34 |    96 ||   130
 Cast: Magic Dart        |    32 |    33 |   142 ||   207
       Conjure Flame     |     1 |     4 |     5 ||    10
       Blink             |       |     2 |     3 ||     5
       Mephitic Cloud    |       |     6 |     6 ||    12
       Call Imp          |       |       |     1 ||     1
 Stab: Sleeping          |     1 |     2 |     3 ||     6
       Confused          |       |     4 |     5 ||     9
       Distracted        |       |       |     2 ||     2
Armor: Skin              |     3 |     4 |     7 ||    14
Dodge: Dodged            |    50 |    30 |    59 ||   139
Block: Kite shield       |       |       |    43 ||    43
